 Dungeon Crawl Stone Soup version 0.26.0-18-gc5c842f807 (webtiles) character file.

Game seed: 3069766046520512583

5891 kaeus the Destroyer (level 10, -1/56 HPs)
             Began as a Gargoyle Fire Elementalist on Jan 22, 2021.
             Was a Priest of the Shining One.
             Slain by a gargoyle
             ... wielding a +0 flail
              (18 damage)
             ... on level 10 of the Dungeon.
             The game lasted 00:25:52 (16008 turns).

kaeus the Destroyer (Gargoyle Fire Elementalist)   Turns: 16008, Time: 00:25:53

Health: -1/56      AC: 14    Str: 19    XL:     10   Next: 82%
Magic:  18/21      EV: 13    Int: 18    God:    the Shining One [***...]
Gold:   197        SH:  4    Dex: 16    Spells: 17/23 levels left

rFire    + + .     SeeInvis .   x - +7 rapier of Guwoc {speed, rElec Str+8 Int-2 Dex+6}
rCold    x . .     Faith    .   M - +0 buckler
rNeg     + + .     Spirit   .   a - +2 robe
rPois    ∞         Reflect  .   (no helmet)
rElec    +         Harm     .   (no cloak)
rCorr    .         Rampage  .   i - +2 pair of gloves
Will     .....                  (no boots)
Stlth    +.........             n - amulet of the acrobat
HPRegen  0.18/turn              I - ring of fire
MPRegen  0.17/turn              D - ring of protection from fire

@: glowing
A: negative energy resistance 1, electricity resistance, unbreathing,
petrification resistance, miasma immunity, AC +7
a: Renounce Religion, Divine Shield


You were on level 10 of the Dungeon.
You worshipped the Shining One.
The Shining One was most pleased with you.
You visited 2 branches of the dungeon, and saw 12 of its levels.

You collected 770 gold pieces.
You spent 573 gold pieces at shops.

Inventory:

Hand Weapons
 l - a +0 dagger of venom
 x - the +7 rapier of Guwoc (weapon) {speed, rElec Str+8 Int-2 Dex+6}
   (You bought it in a shop on level 5 of the Dungeon)

   Attacks with this weapon are significantly faster.
   It affects your strength (+8).
   It affects your intelligence (-2).
   It affects your dexterity (+6).
   It insulates you from electricity.
Armour
 a - a +2 robe (worn)
 i - a +2 pair of gloves (worn)
 M - a +0 buckler (worn)
Jewellery
 n - an amulet of the acrobat (around neck)
 o - an uncursed ring of resist corrosion
 D - a ring of protection from fire (right hand)
 I - a ring of fire (left hand)
Wands
 j - a wand of random effects (18)
 r - a wand of polymorph (23)
 y - a wand of acid (11)
 K - a wand of flame (40)
Scrolls
 b - 4 scrolls of identify
 f - 3 scrolls of remove curse
 g - 2 scrolls of magic mapping
 h - 9 scrolls of teleportation
 m - 2 scrolls of immolation
 s - a scroll of enchant weapon {unknown}
 t - 4 scrolls of amnesia
 w - a scroll of torment {unknown}
 E - a scroll of random uselessness {unknown}
 F - 3 scrolls of fog
 G - a scroll of vulnerability {unknown}
 J - 2 scrolls of noise {unknown}
Potions
 c - a potion of flight {unknown}
 d - 2 potions of haste
 e - 6 potions of curing
 k - a potion of ambrosia {unknown}
 p - 2 potions of cancellation
 q - 3 potions of degeneration
 u - a potion of attraction {unknown}
 v - 5 potions of might {unknown}
 z - 3 potions of magic {unknown}
 A - 2 potions of brilliance {unknown}
 B - a potion of mutation {unknown}
 C - a potion of berserk rage {unknown}
 H - a potion of heal wounds {unknown}
 L - a potion of lignification {unknown}


   Skills:
 + Level 4.1 Fighting
 + Level 3.2 Short Blades
 - Level 3.5 Dodging
 - Level 2.1 Stealth
 + Level 0.7 Shields
 + Level 7.3 Spellcasting
 + Level 8.5 Conjurations
 + Level 8.3 Fire Magic
 + Level 2.7 Air Magic
 + Level 3.2 Evocations


You had 17 spell levels left.
You knew the following spells:

 Your Spells              Type           Power        Failure   Level
a - Foxfire               Conj/Fire      100%         1%          1
b - Fireball              Conj/Fire      26%          14%         5

Your spell library contained the following spells:

 Spells                   Type           Power        Failure   Level
 Magic Dart               Conj           100%         1%          1
 Searing Ray              Conj           74%          1%          2
 Conjure Flame            Conj/Fire      53%          1%          3
 Sticky Flame             Conj/Fire      53%          4%          4
 Dazzling Flash           Conj/Hex       42%          9%          3
 Inner Flame              Hex/Fire       32%          9%          3
 Iskenderun's Battlesphe  Conj           37%          13%         5
 Animate Skeleton         Necr           12%          16%         1
 Pain                     Necr           24%          16%         1
 Fulminant Prism          Conj/Hex       10%          26%         4
 Iskenderun's Mystic Bla  Conj/Tloc      21%          26%         4
 Bolt of Magma            Conj/Fire/Erth 20%          41%         5
 Vampiric Draining        Necr           3%           43%         3
 Animate Dead             Necr           3%           83%         4
 Agony                    Necr           6%           99%         5
 Iron Shot                Conj/Erth      10%          99%         6
 Orb of Destruction       Conj           18%          99%         7
 Spellforged Servitor     Conj/Summ      10%          100%        7


Dungeon Overview and Level Annotations

Branches:
Dungeon (11/15)            Temple (1/1) D:6            Lair (0/6) D:8
    Orc: D:9-12

Altars:
Ashenzari
Cheibriados
Dithmenos
Elyvilon
Fedhas
Gozag
Hepliaklqana
Kikubaaqudgha
Makhleb
Nemelex Xobeh
Okawaru
Qazlal
Ru
Sif Muna
Trog
Uskayaw
Vehumet
Wu Jian
Xom
Yredelemnul
Zin
The Shining One

Shops:
D:5 (   D:9 =?((


Innate Abilities, Weirdness & Mutations

You are resistant to torment.
Your stone body is resilient. (AC +7)
You are immune to poison.
You resist negative energy. (rN+)
You are resistant to electric shocks. (rElec)
You can survive without breathing.
You are immune to petrification.
You are immune to miasma.


Message History

You feel a surge of power!
You conjure some foxfire!
You now have 20/21 mp.
Casting: Foxfire (safe; 1% risk of failure)
Confirm with . or Enter, or press ? or * to list all spells.
You feel a surge of power!
You conjure some foxfire!
The foxfire hits the gargoyle but does no damage.
The gargoyle is heavily damaged.
The foxfire hits the gargoyle but does no damage.
The gargoyle is heavily damaged.
The gargoyle closely misses you.
You now have 19/21 mp.
Casting: Foxfire (safe; 1% risk of failure)
Confirm with . or Enter, or press ? or * to list all spells.
You feel a surge of power!
You conjure some foxfire!
The foxfire hits the gargoyle but does no damage.
The gargoyle is heavily damaged.
The foxfire hits the gargoyle.
The gargoyle is severely damaged.
The gargoyle hits you with a +0 flail!!
You die...

#...##.......##...............##.
#............................##..
#....#.#.#....#..................
.........>...#######....#........
.#...#.#.#...###...##..##........
.............##.....##..[.......)
.....#.#.#...#..>....'[).........
#..##........#.§§v...'..#........
#...##.#.#...#.§@)...'....##.....
##........#####§v9[.###.......#..
##..#.#.###..##...#####......#..
#)........#.(######.##...######.
##...#.#.#...##...##..#...## #.
...........#.##......##....######
##..##.#.#...##......##..........
####.....#..#...##.###.........#
##.#.#...........[.........##


You could see a gargoyle.

Vanquished Creatures
  A deep elf mage (D:8)
  A troll (D:10)
  A shadow (D:11)
  2 wyverns
  2 basilisks (D:8)
  A water moccasin (D:6)
  An orc warrior (D:6)
  3 sky beasts
  An ice beast (D:8)
  2 black bears
  A phantom (D:5)
  The ghost of FancyManDan the Changer, an amateur DsTm (D:4)
  6 centaurs
  5 ogres
  A necrophage (D:8)
  Blork the orc (D:5)
  8 bullfrogs
  A wyvern skeleton (D:10)
  4 scorpions
  A water moccasin skeleton (D:7)
  5 killer bees (D:7)
  4 wights (D:8)
  A howler monkey (D:10)
  A crimson imp (D:3)
  A quasit (D:8)
  A centaur zombie (D:9)
  3 jellies
  3 hounds
  A gnoll shaman (D:6)
  7 orc priests
  5 orc wizards
  2 iguanas
  8 worker ants
  A centaur simulacrum (D:9)
  2 hound zombies
  A hound skeleton (D:6)
  A worker ant zombie (D:5)
  14 adders
  7 gnolls
  A shadow imp (D:9)
  2 white imps
  5 ufetubi
  3 oozes
  An adder skeleton (D:4)
  7 worms
  3 leopard geckos
  28 orcs
  12 bats
  2 bat zombies (D:7)
  9 giant cockroaches
  13 hobgoblins
  6 jackals
  17 kobolds
  3 quokkas
  A ball python (D:1)
  4 frilled lizards
  A giant cockroach zombie (D:6)
  9 goblins
  A leopard gecko skeleton (D:4)
  A quokka skeleton (D:5)
  8 rats
  A rat zombie (D:7)
250 creatures vanquished.

Vanquished Creatures (collateral kills)
  4 foxfires
4 creatures vanquished.

Vanquished Creatures (others)
  880 foxfires
  A fungus (D:8)
  54 plants (D:6)
935 creatures vanquished.

Grand Total: 1189 creatures vanquished

Notes
Turn   | Place    | Note
-------+----------+-------------------------------------------
     0 | D:1      | kaeus the Gargoyle Fire Elementalist began the quest for
                  | the Orb.
     0 | D:1      | Reached XP level 1. HP: 10/10 MP: 3/3
   153 | D:1      | Reached XP level 2. HP: 15/15 MP: 0/5
   268 | D:1      | Found a shimmering altar of Xom.
   691 | D:1      | Reached XP level 3. HP: 19/19 MP: 1/6
  1611 | D:2      | Reached XP level 4. HP: 24/24 MP: 4/8
  1720 | D:2      | Noticed a bullfrog
  1733 | D:2      | Killed a bullfrog
  1734 | D:2      | Reached XP level 5. HP: 15/28 MP: 4/9
  2027 | D:2      | Found a radiant altar of Vehumet.
  3126 | D:3      | Found a burning altar of Makhleb.
  3745 | D:3      | Reached XP level 6. HP: 32/32 MP: 9/11
  3812 | D:3      | Noticed FancyManDan's ghost (amateur DsTm)
  3821 | D:3      | Found a runed translucent gate.
  3821 | D:3      | Found a runed translucent gate.
  3823 | D:3      | Found a runed translucent gate.
  4200 | D:3      | Found a sparkling altar of Nemelex Xobeh.
  4571 | D:3      | Found a faded altar of an unknown god.
  4749 | D:4      | Killed FancyManDan's ghost
  5368 | D:4      | Found a sacrificial altar of Ru.
  5767 | D:4      | Reached skill level 5 in Fire Magic
  5767 | D:4      | Reached XP level 7. HP: 31/36 MP: 10/13
  6536 | D:5      | Entered Level 5 of the Dungeon
  6647 | D:5      | Reached skill level 5 in Conjurations
  6797 | D:5      | Reached XP level 8. HP: 38/41 MP: 5/15
  6821 | D:5      | Reached skill level 5 in Spellcasting
  6941 | D:5      | Found Deoxtey's Antique Weapon Shop.
  7019 | D:5      | HP: 2/41 [centaur/arrow (3)]
  7747 | D:5      | Bought a smoking rapier for 198 gold pieces
  7747 | D:5      | Identified the +7 rapier of Guwoc {speed, rElec Str+8 Int-2
                  | Dex+6} (You bought it in a shop on level 5 of the Dungeon)
  7896 | D:5      | Noticed Blork the orc
  7902 | D:5      | Killed Blork the orc
  7949 | D:5      | Found a shimmering blue altar of Sif Muna.
  8331 | D:6      | Found a staircase to the Ecumenical Temple.
  9033 | Temple   | Entered the Ecumenical Temple
  9111 | Temple   | Became a worshipper of the Shining One
  9512 | D:6      | Reached XP level 9. HP: 38/45 MP: 18/18
  9671 | D:6      | Learned a level 5 spell: Fireball
 10276 | D:7      | Reached skill level 1 in Fighting
 10767 | D:7      | Reached skill level 1 in Short Blades
 10767 | D:7      | Reached skill level 1 in Evocations
 11006 | D:7      | Found an ancient bone altar of Kikubaaqudgha.
 11075 | D:7      | Reached * piety under the Shining One
 11672 | D:7      | Reached skill level 1 in Air Magic
 12328 | D:8      | Found a snail-covered altar of Cheibriados.
 12504 | D:8      | Reached ** piety under the Shining One
 12603 | D:8      | Reached XP level 10. HP: 54/54 MP: 15/20
 12637 | D:8      | Found a staircase to the Lair.
 12637 | D:8      | Noticed an elephant
 12960 | D:8      | Noticed a deep elf mage
 12970 | D:8      | Killed a deep elf mage
 13305 | D:9      | Found Wavygef's Antique Weapon Shop.
 13471 | D:9      | Found Ujum's Magic Scroll Shoppe.
 13789 | D:9      | Found Kiac's Antique Weapon Boutique.
 13870 | D:9      | Found Zefint's Jewellery Shoppe.
 13909 | D:9      | Bought an uncursed ring of fire for 375 gold pieces
 14077 | D:9      | Found a shimmering altar of Xom.
 14286 | D:10     | Entered Level 10 of the Dungeon
 14789 | D:10     | Reached *** piety under the Shining One
 15355 | D:11     | Noticed a boulder beetle
 15944 | D:11     | Noticed a gargoyle
 16008 | D:10     | Slain by a gargoyle

Illustrated notes

Levels and vault maps discovered:
D:1:      eino_arrival_cavern_e, layout_rooms, st_stairs_6,
          chequers_serial_rivers_small_3, minivault_4, minmay_misc_feat_chi,
          xom_teletrap_fun
D:2:      layout_loops_ring, lemuel_doored_altar
D:3:      layout_loops_ring, nemelex_xobeh_ov_fountains_minmay,
          makhleb_grotto_becter, gammafunk_ghost_split,
          chequers_ecumenical_altar_lobes, chequers_serial_rivers_large_b
D:4:      minmay_chambers_of_fours, layout_loops_corners,
          nicolae_ru_the_path_less_chosen
D:5:      layout_cave_pools, tgw_sif, cheibrodos_sewer_entry_bend, serial_shops,
          nicolae_shop_trees
D:6:      layout_loops_corners, minmay_temple_entry_proselytizer, serial_bayou,
          serial_bayou_pond_c, serial_bayou_crossing, serial_bayou_pond_c,
          serial_bayou_lagoon_a, serial_bayou_pond_a
D:7:      layout_loops_corners, lemuel_zombie_altar_kikubaaqudgha,
          grunt_potential
D:8:      layout_basic, cheibrodos_worm_habitat, david_lair_generic,
          minivault_21
D:9:      layout_irregular_city, serial_shops, nicolae_shop_waterfront, shop,
          kennysheep_mini, shop, basic_altar, minmay_bent
D:10:     layout_cave_pools, st_stairs_13, dk_noncrumbling_2,
          kennysheep_windowed_goal
D:11:     minmay_bloctagon, layout_long_grid, serial_shops, shop,
          roderic_batcave, elyvilon_altar_3
Temple:   compressed_dpeg_circular_temple

Skill      XL: |  1  2  3  4  5  6  7  8  9 10 |
---------------+-------------------------------+-----
Conjurations   | 2 3 4 5 7 8 |  8.5
Spellcasting   | 3 4 6 7 |  7.3
Fire Magic     | 4 5 7 8 |  8.3
Fighting       | 2 4 |  4.1
Dodging        | 2 3 |  3.5
Short Blades   | 2 3 |  3.2
Evocations     | 2 3 |  3.2
Air Magic      | 1 2 |  2.7
Stealth        | |  2.1
Shields        | |  0.7

Action                   |  1- 3 |  4- 6 |  7- 9 | 10-12 || total
-------------------------+-------+-------+-------+-------++-------
Melee: Dagger            |    93 |   389 |    96 |       ||   578
       Rapier            |       |       |   142 |    80 ||   222
 Cast: Foxfire           |    73 |   180 |   231 |   162 ||   646
       Fireball          |       |       |     2 |     8 ||    10
  Use: Scroll            |       |     1 |     4 |     7 ||    12
       Potion            |       |       |     2 |       ||     2
Armor: Robe              |    28 |   134 |   139 |    30 ||   331
Dodge: Dodged            |    61 |   232 |   209 |    43 ||   545
Block: Buckler           |       |       |       |     5 ||     5
